TOP OF THE 1ST |
Frisco RoughRiders batting - Pitching for New Hampshire Fisher Cats : LHP Alfonso Guillen
|
Pitching: LHP Alfonso Guillen
|
|
Batting: RHB Jason Sher
|
0-0: Ball 1-0: SINGLE (Line Drive, 78S, EV 87.5 MPH)
|
Batting: RHB Alex Sandoval
|
0-0: Called Strike 0-1: Ball Jason Sher is caught stealing 2nd base 2-4 1-1: Foul Ball, location: 2F 1-2: Reached on error, E2 (Groundball, 13S, EV 71.2 MPH)
|
Batting: RHB Andres Valles
|
0-0: Ball 1-0: Called Strike 1-1: Ball 2-1: Swinging Strike 2-2: Ball 3-2: SINGLE (Groundball, 34D, EV 105.6 MPH) Alex Sandoval to third Runner from 3rd tries for Home, SAFE, throw by RF to home
|
Batting: RHB Joe Kemp
|
0-0: Ball 1-0: Reached on error, E9 (Flyball, 9S, EV 88.8 MPH) Andres Valles to second
|
Batting: RHB Dennis Daniels
|
0-0: Grounds into double play, 5-4-3 (Groundball, 5, EV 80.0 MPH)
|
Top of the 1st over - 1 run, 2 hits, 2 errors, 1 left on base; Frisco 1 - New Hampshire 0 |
BOTTOM OF THE 1ST |
New Hampshire Fisher Cats batting - Pitching for Frisco RoughRiders : RHP Ryan Graham
|
Pitching: RHP Ryan Graham
|
|
Batting: LHB Yoshinari Nara
|
0-0: Ball 1-0: Foul Ball, location: 2F 1-1: Ball 2-1: Swinging Strike 2-2: Foul Ball, location: 2F 2-2: Foul Ball, location: 2F 2-2: Strikes out looking
|
Batting: LHB Sumiki Okuhara
|
0-0: Ball 1-0: Foul Ball, location: 2F 1-1: Foul Ball, location: 2F 1-2: Ball 2-2: Ball 3-2: Base on Balls
|
Batting: RHB Jordan Fairburn
|
0-0: Ball 1-0: Ball 2-0: Fly out, F8 (Flyball, 8RD, EV 96.2 MPH)
|
Batting: RHB Francisco Hernandez
|
0-0: Ball 1-0: Ball 2-0: Foul Ball, location: 2F 2-1: Foul Ball, location: 2F 2-2: Fly out, F3 (Line Drive, 3, EV 66.9 MPH)
|
Bottom of the 1st over - 0 runs, 0 hits, 0 errors, 1 left on base; Frisco 1 - New Hampshire 0 |
TOP OF THE 2ND |
Frisco RoughRiders batting - Pitching for New Hampshire Fisher Cats : LHP Alfonso Guillen
|
Batting: RHB C.J. Sagle
|
0-0: Called Strike 0-1: SINGLE (Groundball, 6MD, EV 103.8 MPH)
|
Batting: RHB Zach Thomason
|
0-0: Called Strike 0-1: Ball 1-1: Ball 2-1: Called Strike 2-2: Strikes out swinging
|
Batting: LHB Justin Balthazor
|
0-0: Ball 1-0: Ball 2-0: Called Strike 2-1: Foul Ball, location: 2F 2-2: 2-RUN HOME RUN (Flyball, 9D, EV 103.8 MPH), Distance : 406 ft
|
Batting: LHB Franklin Quezada
|
0-0: Ball 1-0: Fly out, F3 (Popup, 3SF, EV 83.1 MPH)
|
Batting: RHB Jason Sher
|
0-0: Foul Ball, location: 2F 0-1: Ground out 5-3 (Groundball, 5, EV 105.6 MPH)
|
Top of the 2nd over - 2 runs, 2 hits, 0 errors, 0 left on base; Frisco 3 - New Hampshire 0 |
BOTTOM OF THE 2ND |
New Hampshire Fisher Cats batting - Pitching for Frisco RoughRiders : RHP Ryan Graham
|
Batting: RHB Finn Ross
|
0-0: Ball 1-0: Foul Ball, location: 2F 1-1: Ball 2-1: DOUBLE (Line Drive, 9LS, EV 113.8 MPH)
|
Batting: RHB Cyril Husson
|
0-0: Ball 1-0: Swinging Strike 1-1: Foul Ball, location: 2F 1-2: Ball 2-2: Ball 3-2: Foul Ball, location: 2F 3-2: Base on Balls
|
Batting: RHB Darren McCarty Jr.
|
0-0: Called Strike 0-1: Called Strike 0-2: Ball 1-2: Ball 2-2: Ball 3-2: Strikes out swinging
|
Batting: RHB John Loving
|
0-0: Ball 1-0: DOUBLE (Line Drive, 89D, EV 101.2 MPH) Finn Ross scores Cyril Husson to third
|
Batting: SHB Tristan Dearing
|
0-0: Called Strike 0-1: Ball 1-1: Foul Ball, location: 2F 1-2: Ball 2-2: Fly out, F7 (Flyball, 7LS, EV 84.4 MPH)
|
Batting: LHB Yoshinari Nara
|
0-0: Ground out 1-3 (Groundball, 13, EV 66.2 MPH)
|
Bottom of the 2nd over - 1 run, 2 hits, 0 errors, 2 left on base; Frisco 3 - New Hampshire 1 |
TOP OF THE 3RD |
Frisco RoughRiders batting - Pitching for New Hampshire Fisher Cats : LHP Alfonso Guillen
|
Batting: RHB Alex Sandoval
|
0-0: Called Strike 0-1: Ball 1-1: Swinging Strike 1-2: Ball 2-2: Foul Ball, location: 2F 2-2: Ball 3-2: SINGLE (Groundball, 6M, EV 98.1 MPH) (infield hit)
|
Batting: RHB Andres Valles
|
0-0: Ball 1-0: Foul Ball, location: 2F 1-1: 2-RUN HOME RUN (Line Drive, 9D, EV 108.8 MPH), Distance : 410 ft
|
Batting: RHB Joe Kemp
|
0-0: Called Strike 0-1: Ball 1-1: Foul Ball, location: 2F 1-2: Foul Ball, location: 2F 1-2: Ball 2-2: Ground out 6-3 (Groundball, 6, EV 101.9 MPH)
|
Batting: RHB Dennis Daniels
|
0-0: Ball 1-0: Swinging Strike 1-1: Ball 2-1: Ball 3-1: Foul Ball, location: 2F 3-2: Base on Balls
|
Batting: RHB C.J. Sagle
|
Pickoff Throw to First - Out! 1-3 0-0: Called Strike 0-1: Ball 1-1: Swinging Strike 1-2: DOUBLE (Line Drive, 78D, EV 113.1 MPH)
|
Pitching: RHP Andres de Leon
|
|
Batting: RHB Zach Thomason
|
0-0: SINGLE (Groundball, 4D, EV 113.1 MPH) C.J. Sagle to third Runner from 3rd tries for Home, throw by RF and OUT! 9-2
|
Top of the 3rd over - 2 runs, 4 hits, 0 errors, 1 left on base; Frisco 5 - New Hampshire 1 |
BOTTOM OF THE 3RD |
New Hampshire Fisher Cats batting - Pitching for Frisco RoughRiders : RHP Ryan Graham
|
Batting: LHB Sumiki Okuhara
|
0-0: Ball 1-0: Called Strike 1-1: Ground out 6-3 (Groundball, 6MD, EV 81.2 MPH)
|
Batting: RHB Jordan Fairburn
|
0-0: Ball 1-0: Swinging Strike 1-1: Foul Ball, location: 2F 1-2: Ball 2-2: Foul Ball, location: 2F 2-2: Ball 3-2: Strikes out looking
|
Batting: RHB Francisco Hernandez
|
0-0: Ground out 5-3 (Groundball, 56S, EV 82.5 MPH)
|
Bottom of the 3rd over - 0 runs, 0 hits, 0 errors, 0 left on base; Frisco 5 - New Hampshire 1 |
TOP OF THE 4TH |
Frisco RoughRiders batting - Pitching for New Hampshire Fisher Cats : RHP Andres de Leon
|
Batting: LHB Justin Balthazor
|
0-0: Called Strike 0-1: Ball 1-1: Ball 2-1: Swinging Strike 2-2: Foul Ball, location: 2F 2-2: Ball 3-2: Foul Ball, location: 2F 3-2: SINGLE (Line Drive, 34D, EV 98.8 MPH)
|
Batting: LHB Franklin Quezada
|
0-0: Fly out, F7 (Flyball, 78S, EV 90.6 MPH)
|
Batting: RHB Jason Sher
|
0-0: Ball 1-0: Foul Ball, location: 2F 1-1: Swinging Strike 1-2: Foul Ball, location: 2F 1-2: Ball 2-2: Ball 3-2: Grounds into double play, 6-4-3 (Groundball, 6, EV 106.2 MPH)
|
Top of the 4th over - 0 runs, 1 hit, 0 errors, 0 left on base; Frisco 5 - New Hampshire 1 |
BOTTOM OF THE 4TH |
New Hampshire Fisher Cats batting - Pitching for Frisco RoughRiders : RHP Ryan Graham
|
Batting: RHB Finn Ross
|
0-0: Foul Ball, location: 2F 0-1: Ball 1-1: Called Strike 1-2: Ball 2-2: Foul Ball, location: 2F 2-2: Ball 3-2: Base on Balls
|
Batting: RHB Cyril Husson
|
0-0: Ball 1-0: Ball 2-0: Called Strike 2-1: TRIPLE (Flyball, 78XD, EV 103.8 MPH) Finn Ross scores
|
Batting: RHB Darren McCarty Jr.
|
0-0: Ball 1-0: Called Strike 1-1: Foul Ball, location: 2F 1-2: Ground out U3 (Groundball, 3, EV 79.4 MPH)
|
Batting: RHB John Loving
|
0-0: Ball 1-0: Ball 2-0: Ball 3-0: Base on Balls
|
Batting: SHB Tristan Dearing
|
0-0: Ball John Loving steals 2nd base 1-0: Called Strike 1-1: Foul Ball, location: 2F 1-2: Ball 2-2: Reached on error, E4 (Groundball, 13, EV 88.1 MPH) Cyril Husson scores John Loving scores
|
Batting: LHB Yoshinari Nara
|
0-0: Called Strike Tristan Dearing is caught stealing 3rd base 2-5 0-1: Swinging Strike 0-2: Foul Ball, location: 2F 0-2: Foul Ball, location: 2F 0-2: Ball 1-2: Foul Ball, location: 2F 1-2: SOLO HOME RUN (Flyball, 7D, EV 96.9 MPH), Distance : 374 ft
|
Batting: LHB Sumiki Okuhara
|
0-0: Ball 1-0: Foul Ball, location: 2F 1-1: Swinging Strike 1-2: Foul Ball, location: 2F 1-2: Ball 2-2: Ground out 6-3 (Groundball, 6M, EV 103.8 MPH)
|
Bottom of the 4th over - 4 runs, 2 hits, 1 error, 0 left on base; Frisco 5 - New Hampshire 5 |
TOP OF THE 5TH |
Frisco RoughRiders batting - Pitching for New Hampshire Fisher Cats : RHP Andres de Leon
|
Batting: RHB Alex Sandoval
|
0-0: Swinging Strike 0-1: Ball 1-1: Ball 2-1: Ball 3-1: Base on Balls
|
Batting: RHB Andres Valles
|
0-0: Called Strike 0-1: Ball 1-1: Swinging Strike 1-2: Foul Ball, location: 2F 1-2: Strikes out swinging
|
Batting: RHB Joe Kemp
|
0-0: Called Strike 0-1: Called Strike 0-2: Ball 1-2: Reached on error, E2 (Groundball, 13S, EV 62.5 MPH) Alex Sandoval to third
|
Batting: RHB Dennis Daniels
|
0-0: Ball 1-0: Ground out 5-3 (Groundball, 56, EV 93.1 MPH) Alex Sandoval scores
|
Batting: RHB C.J. Sagle
|
0-0: Ball 1-0: Called Strike 1-1: Foul Ball, location: 2F 1-2: Foul Ball, location: 2F 1-2: Ground out 4-3 (Groundball, 4M, EV 85.0 MPH)
|
Top of the 5th over - 1 run, 0 hits, 1 error, 1 left on base; Frisco 6 - New Hampshire 5 |
BOTTOM OF THE 5TH |
New Hampshire Fisher Cats batting - Pitching for Frisco RoughRiders : RHP Ryan Graham
|
Batting: RHB Jordan Fairburn
|
0-0: Ball 1-0: DOUBLE (Flyball, 9LD, EV 103.1 MPH)
|
Batting: RHB Francisco Hernandez
|
0-0: Swinging Strike 0-1: Ball 1-1: Foul Ball, location: 2F 1-2: Ball 2-2: Ball 3-2: Base on Balls
|
Pitching: RHP Dan Landry
|
|
Batting: RHB Finn Ross
|
0-0: Swinging Strike 0-1: Ball 1-1: Foul Ball, location: 2F 1-2: Foul Ball, location: 2F 1-2: Strikes out swinging
|
Batting: RHB Cyril Husson
|
0-0: Called Strike 0-1: Fly out, F8 (Line Drive, 8LD, EV 91.2 MPH) Runner from 2nd tags up, SAFE at 3rd with throw by CF
|
Batting: RHB Darren McCarty Jr.
|
0-0: Foul Ball, location: 2F 0-1: Ball 1-1: Called Strike 1-2: Strikes out swinging
|
Bottom of the 5th over - 0 runs, 1 hit, 0 errors, 2 left on base; Frisco 6 - New Hampshire 5 |
TOP OF THE 6TH |
Frisco RoughRiders batting - Pitching for New Hampshire Fisher Cats : RHP Andres de Leon
|
Batting: RHB Zach Thomason
|
0-0: Foul Ball, location: 2F 0-1: Ball 1-1: Fly out, F9 (Flyball, 9, EV 79.4 MPH)
|
Batting: LHB Justin Balthazor
|
0-0: Swinging Strike 0-1: Called Strike 0-2: Ball 1-2: Strikes out looking
|
Batting: LHB Franklin Quezada
|
0-0: Ball 1-0: Ball 2-0: Ground out 4-3 (Groundball, 4, EV 90.6 MPH)
|
Top of the 6th over - 0 runs, 0 hits, 0 errors, 0 left on base; Frisco 6 - New Hampshire 5 |
BOTTOM OF THE 6TH |
New Hampshire Fisher Cats batting - Pitching for Frisco RoughRiders : RHP Dan Landry
|
Batting: RHB John Loving
|
0-0: Foul Ball, location: 2F 0-1: Ball 1-1: Ball 2-1: Called Strike 2-2: Ball 3-2: Strikes out swinging
|
Batting: SHB Tristan Dearing
|
0-0: SINGLE (Line Drive, 34D, EV 97.5 MPH)
|
Batting: LHB Yoshinari Nara
|
0-0: Ball 1-0: Called Strike 1-1: Ball 2-1: Swinging Strike 2-2: Ball 3-2: SINGLE (Flyball, 89S, EV 92.5 MPH) Tristan Dearing to second Runner from 2nd tries for 3rd, SAFE, throw by CF made to third
|
Batting: LHB Sumiki Okuhara
|
0-0: DOUBLE (Line Drive, 7LM, EV 108.1 MPH) Tristan Dearing scores Yoshinari Nara to third
|
Pinch Hitting: LHB Jesus Romero
|
0-0: Ball 1-0: Ball 2-0: SINGLE (Groundball, 34D, EV 104.4 MPH) Yoshinari Nara scores Sumiki Okuhara to third
|
Batting: RHB Francisco Hernandez
|
0-0: Ball 1-0: Ball 2-0: Called Strike 2-1: Ball 3-1: Foul Ball, location: 2F 3-2: Ground out 1-3 (Groundball, 13S, EV 70.6 MPH) Jesus Romero to second
|
Batting: RHB Finn Ross
|
0-0: Swinging Strike 0-1: Called Strike 0-2: Ball 1-2: Ball 2-2: Foul Ball, location: 2F 2-2: Strikes out swinging
|
Bottom of the 6th over - 2 runs, 4 hits, 0 errors, 2 left on base; Frisco 6 - New Hampshire 7 |
TOP OF THE 7TH |
Frisco RoughRiders batting - Pitching for New Hampshire Fisher Cats : RHP Andres de Leon
|
Pitching: RHP Dave Kurtz
|
|
Now at 1B: Rodrigo Briceno
|
|
Now at 2B: John Loving
|
|
Now at 3B: Tony Rosas
|
|
Batting: RHB Jason Sher
|
0-0: Foul Ball, location: 2F 0-1: Ball 1-1: Fly out, F8 (Flyball, 8RD, EV 97.5 MPH)
|
Batting: RHB Alex Sandoval
|
0-0: Foul Ball, location: 2F 0-1: Ground out 5-3 (Groundball, 56, EV 83.8 MPH)
|
Batting: RHB Andres Valles
|
0-0: Ball 1-0: Fly out, F6 (Popup, 6MD, EV 54.4 MPH)
|
Top of the 7th over - 0 runs, 0 hits, 0 errors, 0 left on base; Frisco 6 - New Hampshire 7 |
BOTTOM OF THE 7TH |
New Hampshire Fisher Cats batting - Pitching for Frisco RoughRiders : RHP Dan Landry
|
Pitching: LHP Luis Marmolejos
|
|
Batting: LHB Rodrigo Briceno
|
0-0: Called Strike 0-1: Ball 1-1: Foul Ball, location: 2F 1-2: Foul Ball, location: 2F 1-2: Foul Ball, location: 2F 1-2: DOUBLE (Line Drive, 9LS, EV 98.1 MPH)
|
Pitching: RHP Roberto Reyes
|
|
Batting: RHB Darren McCarty Jr.
|
0-0: Ball 1-0: Bunted foul 1-1: Sac Bunt to 13S - play at first, batter OUT! 1-4 Rodrigo Briceno to third
|
Batting: RHB John Loving
|
0-0: Called Strike 0-1: Ball 1-1: Called Strike 1-2: Foul Ball, location: 2F 1-2: DOUBLE (Groundball, 5L, EV 101.9 MPH) Rodrigo Briceno scores
|
Batting: SHB Tristan Dearing
|
0-0: Foul Ball, location: 2F 0-1: Fly out, F7 (Flyball, 78XD, EV 103.1 MPH) Runner from 2nd tags up, SAFE at 3rd, no throw by LF
|
Batting: LHB Yoshinari Nara
|
0-0: Ball 1-0: Ball 2-0: Ball 3-0: Called Strike 3-1: Foul Ball, location: 2F 3-2: Foul Ball, location: 2F 3-2: Foul Ball, location: 2F 3-2: Foul Ball, location: 2F 3-2: Base on Balls
|
Batting: LHB Sumiki Okuhara
|
0-0: Called Strike 0-1: SINGLE (Line Drive, 9LS, EV 105.0 MPH) John Loving scores Yoshinari Nara to second
|
Batting: RHB Tony Rosas
|
0-0: Foul Ball, location: 2F 0-1: Foul Ball, location: 2F 0-2: Ball 1-2: Fielders Choice at 2nd, U4 (Groundball, 4M, EV 82.5 MPH)
|
Bottom of the 7th over - 2 runs, 3 hits, 0 errors, 2 left on base; Frisco 6 - New Hampshire 9 |
TOP OF THE 8TH |
Frisco RoughRiders batting - Pitching for New Hampshire Fisher Cats : RHP Dave Kurtz
|
Batting: RHB Joe Kemp
|
0-0: Foul Ball, location: 2F 0-1: Ball 1-1: Ball 2-1: Called Strike 2-2: Foul Ball, location: 2F 2-2: Ball 3-2: Base on Balls
|
Batting: RHB Dennis Daniels
|
0-0: Grounds into double play, 5-4-3 (Groundball, 56, EV 100.0 MPH)
|
Batting: RHB C.J. Sagle
|
0-0: Called Strike 0-1: Called Strike 0-2: Ground out 6-3 (Groundball, 6, EV 81.9 MPH)
|
Top of the 8th over - 0 runs, 0 hits, 0 errors, 0 left on base; Frisco 6 - New Hampshire 9 |
BOTTOM OF THE 8TH |
New Hampshire Fisher Cats batting - Pitching for Frisco RoughRiders : RHP Roberto Reyes
|
Batting: RHB Francisco Hernandez
|
0-0: Ball 1-0: Called Strike 1-1: SINGLE (Flyball, 8RS, EV 89.4 MPH)
|
Batting: RHB Finn Ross
|
0-0: Called Strike 0-1: Ball 1-1: Swinging Strike 1-2: Ball 2-2: Fly out, F7 (Line Drive, 7, EV 103.8 MPH)
|
Batting: LHB Rodrigo Briceno
|
0-0: Grounds into double play, 6-4-3 (Groundball, 6, EV 85.0 MPH)
|
Bottom of the 8th over - 0 runs, 1 hit, 0 errors, 0 left on base; Frisco 6 - New Hampshire 9 |
TOP OF THE 9TH |
Frisco RoughRiders batting - Pitching for New Hampshire Fisher Cats : RHP Dave Kurtz
|
Pitching: LHP Mario Amore
|
|
Batting: RHB Zach Thomason
|
0-0: Ball 1-0: Foul Ball, location: 2F 1-1: Fly out, F3 (Popup, 3L, EV 74.4 MPH)
|
Batting: LHB Justin Balthazor
|
0-0: Fly out, F8 (Flyball, 8LD, EV 101.9 MPH)
|
Batting: LHB Franklin Quezada
|
0-0: SOLO HOME RUN (Flyball, 9D, EV 109.4 MPH), Distance : 405 ft
|
Batting: RHB Jason Sher
|
0-0: Ball 1-0: Foul Ball, location: 2F 1-1: Foul Ball, location: 2F 1-2: Ball 2-2: Ball 3-2: Base on Balls
|
Batting: RHB Alex Sandoval
|
0-0: Ball 1-0: Ball 2-0: Fielders Choice at 2nd, 6-4 (Groundball, 6, EV 89.4 MPH)
|
Top of the 9th over - 1 run, 1 hit, 0 errors, 1 left on base; Frisco 7 - New Hampshire 9 |
|